Map: Torches LE

Players

Reynor - Winner!

  • Race: Zerg Zerg
  • League: Master
  • Spawn Location: 5:00

LiquidClem (Clem)

  • Race: Terran Terran
  • Spawn Location: 1:00

Event: FEL Cracov 2025

VOD

Have the link to the VOD?

Description

Time

  • Played on: July 27, 2025, 1:17 p.m.
  • Length: 10:05

All games in this series

Show
View Real Time Build Order
Export as new Build Order

Reynor Zerg - Winner!

Build Orders: Hatch First 

Get SALT Encoding   

  12  0:00  Drone  
  13  0:07  Drone  
  13  0:13  Extractor  
  13  0:14  Drone  
  15  0:36  Hatchery  
  15  0:40  Extractor, Drone  
  15  0:46  Overlord  
  15  1:01  Spawning Pool  
  14  1:04  Drone  
  14  1:08  Drone  
  16  1:12  Drone  
  16  1:15  Drone  
  18  1:26  Drone  
  19  1:37  Drone  
  20  1:50  Queen x2  
  20  1:51  Zergling x2  
  20  1:53  Drone  
  26  2:08  Hatchery  
  26  2:10  Drone  
  26  2:13  Zergling x2  
  27  2:18  Overlord  
  27  2:21  Drone  
  28  2:36  Overlord  
  28  2:38  Drone x3  
  28  2:41  Drone  
  32  2:45  Queen  
  32  2:48  Drone  
  35  2:52  Overlord  
  35  2:58  Drone x2  
  35  2:59  Drone  
  38  3:05  Drone x3  
  38  3:07  Drone  
  38  3:09  Drone  
  42  3:13  Drone  
  42  3:15  Extractor  
  42  3:19  Roach Warren  
  41  3:25  Evolution Chamber  
  41  3:26  Evolution Chamber, Drone  
  40  3:27  Drone  
  40  3:30  Drone  
  40  3:32  Drone  
  43  3:37  Drone x2  
  43  3:40  Drone x2  
  47  3:42  Extractor  
  47  3:45  Drone  
  47  3:49  Overlord  
  47  3:50  Drone  
  47  3:53  Extractor  
  47  3:57  Drone, Overlord  
  48  4:05  Evolution Chamber  
  48  4:06  Overlord  
  48  4:10  Evolution Chamber  
  48  4:11  Roach x3  
  48  4:13  Roach  
  48  4:15  Drone x2  
  57  4:18  Roach  
  57  4:22  Queen  
  57  4:23  Roach  
  63  4:26  Roach  
  63  4:29  Roach  
  63  4:30  Drone  
  69  4:38  Queen  
  69  4:40  Spore Crawler  
  70  4:48  Spore Crawler  
  70  4:49  Overlord  
  69  4:59  Evolution Chamber  
  67  5:02  Roach  
  67  5:12  Drone x3  
  67  5:13  Drone  
  71  5:16  Lair, Ravager  
  71  5:19  Ravager x2  
  75  5:22  Drone x3  
  75  5:26  Overlord  
  75  5:27  Drone  
  79  5:29  Drone  
  79  5:31  Drone  
  79  5:32  Drone  
  80  5:37  Overlord  
  80  5:38  Drone x2  
  80  5:41  Zerg Ground Armor Level 1  
  82  5:44  Drone x3  
  82  5:47  Drone, Extractor  
  85  5:51  Roach x2  
  85  5:52  Extractor  
  85  5:53  Roach  
  85  5:56  Overlord  
  90  5:59  Roach x2  
  90  6:03  Drone x2  
  90  6:04  Drone, Overlord  
  97  6:07  Metabolic Boost  
  97  6:11  Roach  
  99  6:13  Overlord  
  99  6:15  Roach x2  
  99  6:17  Overlord  
  103  6:23  Roach x3  
  109  6:27  Zergling x10  
  109  6:32  Ravager  
  115  6:33  Overlord  
  115  6:39  Roach  
  123  6:40  Roach x4  
  123  6:44  Overlord  
  123  6:46  Glial Reconstitution  
  125  6:51  Roach x2  
  125  6:53  Evolution Chamber  
  126  6:55  Roach x2, Zergling x2  
  126  6:56  Zergling x4  
  126  6:58  Roach  
  136  7:02  Overlord  
  136  7:04  Ravager  
  135  7:10  Roach x2  
  135  7:13  Roach x2, Zergling x2  
  144  7:19  Hatchery, Overlord  
  138  7:27  Roach x5  
  138  7:28  Ravager  
  138  7:29  Ravager  
  150  7:30  Zergling x4  
  151  7:38  Roach x2, Zergling x2  
  151  7:39  Zergling x2  
  156  7:47  Roach x3  
  156  7:49  Overlord x4  
  160  7:55  Overlord  
  160  7:57  Zerg Missile Weapons Level 1  
  160  8:03  Roach  
  162  8:07  Overlord, Zergling x2  
  162  8:08  Zergling x4, Roach x2  
  162  8:09  Ravager  
  162  8:10  Ravager  
  169  8:18  Roach x2  
  169  8:19  Roach  
  175  8:20  Zergling x2  
  173  8:27  Ravager x2  
  173  8:29  Roach  
  177  8:35  Roach x2, Zergling x6  
  184  8:45  Roach x4  
  187  8:53  Roach x4  
  191  8:56  Roach  
  191  8:57  Zergling x4  
  191  8:59  Roach  
  191  9:02  Roach  
  173  9:08  Roach  
  173  9:09  Roach  
  152  9:11  Roach x3  
  152  9:15  Roach  
  147  9:19  Roach x2  
  131  9:26  Roach x2  
  131  9:29  Roach  
  131  9:30  Roach x2  
  118  9:32  Roach  
  118  9:35  Roach  
  117  9:43  Extractor, Roach x2  
  116  9:46  Extractor  
Show
View Real Time Build Order
Export as new Build Order

LiquidClem Terran 

Build Orders: Gas First Reaper Expand, Liberator Opening 

Get SALT Encoding   

  12  0:00  SCV  
  13  0:12  SCV  
  14  0:17  Supply Depot  
  14  0:24  SCV  
  15  0:31  Refinery  
  15  0:39  SCV  
  16  0:43  Barracks  
  16  0:51  SCV  
  17  1:03  SCV  
  18  1:15  SCV  
  19  1:30  Reaper, Orbital Command  
  20  1:41  Command Center  
  20  1:53  Factory  
  20  1:57  SCV  
  21  2:08  Supply Depot  
  21  2:09  Barracks Reactor  
  21  2:11  SCV  
  22  2:23  SCV  
  23  2:35  SCV  
  24  2:47  Starport  
  24  2:48  Hellion x2, SCV  
  29  2:53  Refinery  
  29  3:00  SCV  
  29  3:05  Orbital Command  
  30  3:11  Hellion  
  33  3:12  SCV  
  33  3:16  Hellion  
  35  3:25  SCV  
  36  3:27  Liberator  
  36  3:31  SCV  
  40  3:36  Supply Depot  
  40  3:37  SCV  
  41  3:43  SCV  
  41  3:46  Factory Tech Lab  
  41  3:48  Marine x2  
  44  3:53  Barracks  
  44  3:54  SCV  
  45  3:57  Barracks  
  45  3:59  SCV  
  46  4:06  SCV  
  46  4:07  Siege Tank  
  50  4:12  Supply Depot  
  50  4:13  Starport Tech Lab  
  50  4:14  SCV  
  51  4:17  Marine x2  
  51  4:19  SCV  
  54  4:25  Engineering Bay  
  54  4:33  Refinery, SCV  
  54  4:35  Supply Depot, SCV  
  54  4:36  Marine  
  57  4:40  Starport Reactor  
  57  4:45  Siege Tank  
  60  4:46  SCV, Marine  
  60  4:52  Supply Depot  
  62  4:56  Marine x2  
  62  4:57  SCV, Stimpack  
  62  4:58  Marine  
  66  5:00  SCV  
  66  5:05  Supply Depot  
  66  5:06  Terran Infantry Weapons Level 1  
  66  5:07  Marine  
  64  5:09  SCV  
  64  5:14  Supply Depot, SCV  
  65  5:19  Marine  
  67  5:21  Siege Tank, Marine x2  
  67  5:23  SCV  
  67  5:26  SCV  
  67  5:27  Marine  
  75  5:31  Supply Depot  
  76  5:36  Medivac  
  76  5:37  Marine  
  76  5:38  Supply Depot  
  76  5:41  Marine, Barracks  
  76  5:42  Marine  
  79  5:45  Marine  
  79  5:47  Medivac  
  83  5:51  Barracks  
  83  5:55  Supply Depot  
  83  5:56  Marine  
  84  5:59  Marine  
  84  6:00  Marine  
  84  6:02  Siege Tank  
  89  6:05  Marine  
  89  6:06  Supply Depot  
  90  6:11  SCV x2  
  90  6:13  Marine  
  90  6:14  Medivac  
  90  6:17  Marine  
  96  6:20  Marine  
  96  6:21  Supply Depot  
  96  6:23  Marine  
  96  6:29  Marine  
  96  6:31  Marine  
  98  6:32  Supply Depot  
  98  6:34  Marine  
  98  6:36  Combat Shield  
  98  6:38  Marine x2  
  101  6:42  Siege Tank  
  101  6:43  Marine, Supply Depot  
  105  6:47  Marine  
  105  6:49  Marine  
  105  6:52  Marine  
  106  6:55  Medivac  
  106  6:57  Marine x2  
  106  7:00  Marine  
  105  7:05  Marine  
  105  7:06  Medivac  
  105  7:07  Marine  
  109  7:09  Bunker  
  109  7:10  Marine  
  109  7:15  Marine x2  
  110  7:18  Marine  
  110  7:22  Siege Tank  
  112  7:23  Marine  
  112  7:25  Marine  
  112  7:28  Marine  
  115  7:33  Marine x2  
  115  7:36  Marine  
  118  7:41  Marine  
  118  7:43  Marine  
  118  7:44  Medivac  
  122  7:46  Marine  
  122  7:51  Marine, Medivac  
  123  7:52  Marine  
  123  7:54  Marine  
  128  7:59  Marine  
  128  8:00  Supply Depot, Marine  
  128  8:03  Marine  
  131  8:09  Marine x2  
  131  8:12  Marine  
  134  8:16  Marine  
  134  8:18  Marine  
  135  8:21  Marine  
  135  8:22  Refinery  
  135  8:23  Supply Depot  
  135  8:26  Marine  
  137  8:27  Marine  
  137  8:28  Medivac  
  137  8:30  Marine  
  140  8:34  Marine  
  140  8:36  Marine  
  140  8:39  Marine  
  140  8:40  Siege Tank  
  137  8:42  SCV  
  137  8:44  Marine  
  137  8:45  Marine  
  137  8:48  Marine  
  114  8:52  Marine  
  114  8:54  Marine  
  110  8:57  Marine  
  110  9:02  Marine  
  97  9:03  Marine  
  97  9:05  Orbital Command  
  97  9:09  Marine  
  74  9:10  Marine  
  66  9:19  Marine x2  
  66  9:22  Marine  
  57  9:25  Marine  
  48  9:37  Marine  
  49  9:39  Marine  
  49  9:43  Marine  
  51  9:46  Marine  
Tags
 
Add a new tag
Caveats
  • Supply blocks, unpowered buildings, or Contaminate may cause inaccurate times.
  • Supply counts are checked every 10 seconds.